 Dungeon Crawl Stone Soup version 0.30-a0-719-gcc4359ea44 (webtiles) character file.

Game seed: 713194898365963448

21220 Ijustatesigmund the Thaumaturge (level 12, -15/65 (67) HPs)
             Began as a Deep Elf Conjurer on Jan 25, 2023.
             Was a High Priest of Vehumet.
             Shot with a bolt by a yaktaur (16 damage)
             ... on level 13 of the Dungeon on Jan 26, 2023.
             The game lasted 00:56:32 (18454 turns).

Ijustatesigmund the Thaumaturge (DECj)             Turns: 18454, Time: 00:56:32

HP:   -15/65 (67)   AC: 13    Str:  6    XL:     12   Next: 52%
MP:   20/32         EV: 14    Int: 29    God:    Vehumet [*****.]
Gold: 752           SH:  0    Dex: 13    Spells: 5/40 levels left

rFire   . . .      SeeInvis .    g - +1 shortbow (freeze)
rCold   . . .      Faith    .    (shield currently unavailable)
rNeg    . . .      Spirit   .    a - +0 robe
rPois   +          Reflect  .    i - +1 helmet
rElec   .          Harm     .    B - scarf {repulsion}
rCorr   .          Rampage  .    z - +1 pair of gloves
Will    ++...                    r - +2 pair of boots
Stlth   ++                       f - amulet of regeneration
HPRegen 1.10/turn                D - +4 ring of protection
MPRegen 0.23/turn                y - ring of Day {rPois Will+ Int+2}

@: lightly drained, repel missiles
A: no striking features
a: Renounce Religion


You were on level 13 of the Dungeon.
You worshipped Vehumet.
Vehumet was extremely pleased with you.
You visited 2 branches of the dungeon, and saw 14 of its levels.
You also visited: Ossuary.

You collected 752 gold pieces.

Inventory:

Hand Weapons
 e - a +4 short sword
 g - a +1 shortbow of freezing (weapon)
Armour
 a - a +0 robe (worn)
 i - a +1 helmet (worn)
 r - a +2 pair of boots (worn)
 z - a +1 pair of gloves (worn)
 B - a scarf of repulsion (worn)
Jewellery
 f - an amulet of regeneration (around neck)
 n - a ring of flight
 s - an amulet of magic regeneration
 y - the ring of Day (right hand) {rPois Will+ Int+2}
   (You found it on level 8 of the Dungeon)

   [ring of poison resistance]

   Int:       It affects your intelligence (+2).
   rPois:     It protects you from poison.
   Will:      It increases your willpower.
 D - a +4 ring of protection (left hand)
 E - the ring of Estiaces {rC+ Slay+3}
   (You found it on level 9 of the Dungeon)

   [ring of protection from cold]

   Slay:      It affects your accuracy & damage with ranged weapons and melee
   (+3).
   rC:        It protects you from cold.
 H - a ring of see invisible
 L - an amulet of guardian spirit
Wands
 p - a wand of quicksilver (5)
 u - a wand of flame (17)
 w - a wand of mindburst (4)
 C - a wand of polymorph (7)
 J - a wand of roots (11)
Scrolls
 k - 6 scrolls of teleportation
 m - 3 scrolls of poison
 A - a scroll of enchant weapon
 I - a scroll of enchant armour
 K - 2 scrolls of identify
Potions
 b - 3 potions of magic
 c - 9 potions of curing
 d - 4 potions of attraction
 h - 5 potions of might
 j - a potion of cancellation
 l - 5 potions of flight
 o - 4 potions of brilliance
 q - 3 potions of haste
 t - a potion of berserk rage
 v - a potion of mutation
 G - a potion of ambrosia


   Skills:
 - Level 4.6 Fighting
 - Level 5.5 Ranged Weapons
 - Level 6.9 Dodging
 - Level 2.4 Stealth
 + Level 14.7 Spellcasting
 + Level 12.1 Conjurations
 + Level 10.1 Fire Magic
 - Level 3.1 Air Magic
 - Level 3.4 Earth Magic
 - Level 5.5 Evocations


You had 5 spell levels left.
You knew the following spells:

 Your Spells              Type           Power      Damage    Failure   Level
a - Magic Dart            Conj           100%       1d8       0%          1
b - Searing Ray           Conj           100%       2d8       1%          2
c - Iskenderun's Battles  Conj           75%        2d12      1%          5
d - Stone Arrow           Conj/Erth      100%       3d13      1%          3
e - Frozen Ramparts       Ice            42%        1d7       1%          3
f - Sticky Flame          Conj/Fire      72%        2d9       1%          4
g - Apportation           Tloc           42%        N/A       2%          1
h - Flame Wave            Conj/Fire      72%        2d16      1%          4
i - Lee's Rapid Deconstr  Erth           20%        3d12*     4%          5
j - Orb of Destruction    Conj           37%        9d11      4%          7

Your spell library contained the following spells:

 Spells                   Type           Power      Damage    Failure   Level
 Sandblast                Erth           82%        2d17      1%          1
 Passwall                 Tmut/Erth      25%        N/A       1%          2
 Poisonous Vapours        Pois/Air       60%        N/A       1%          2
 Scorch                   Fire           100%       2d10      1%          2
 Static Discharge         Conj/Air       100%       2-7/arc   1%          2
 Dazzling Flash           Conj/Hex       100%       N/A       1%          3
 Kindle Blastsparks       Fire/Tloc/Air  94%        2d17      1%          3
 Fulminant Prism          Conj/Hex       27%        3d13      1%          4
 Iskenderun's Mystic Bla  Conj/Tloc      54%        2d12      1%          4
 Arcjolt                  Conj/Air       30%        1d40      1%          5
 Lightning Bolt           Conj/Air       30%        1d47      1%          5
 Slow                     Hex            84%        N/A       2%          1
 Sting                    Tmut/Pois      84%        1d7       2%          1
 Olgreb's Toxic Radiance  Pois           21%        N/A       6%          4
 Confusing Touch          Hex            21%        N/A       7%          3
 Vampiric Draining        Necr           21%        2d7       7%          3
 Alistair's Intoxication  Tmut/Pois      14%        N/A       54%         5
 Conjure Ball Lightning   Conj/Air       30%        3x3d10    4%          6
 Summon Cactus Giant      Summ           10%        N/A       98%         6
 Fire Storm               Conj/Fire      36%        8d9       99%         9
 Chain Lightning          Conj/Air       30%        3d40      100%        9
 Shatter                  Erth           20%        3d18*     100%        9


Dungeon Overview and Level Annotations

Branches:
Dungeon (13/15)            Temple (1/1) D:4            Lair (0/5) D:9
    Orc (0/2) D:11         Vaults (0/5) D:13        Ossuary (visited)

Altars:
Ashenzari
Cheibriados
Dithmenos
Elyvilon
Fedhas
Gozag
Hepliaklqana
Kikubaaqudgha
Makhleb
Nemelex Xobeh
Okawaru
Qazlal
Ru
Sif Muna
Trog
Uskayaw
Vehumet
Wu Jian
Xom
Yredelemnul
Zin
The Shining One

Shops:
D:7 (

Portals:
Trove: D:12 (give horn of Geryon)

Annotations:
D:4 3 runed translucent doors, Regoshi's ghost, amateur BaHu
D:8 exclusion: oklob sapling
D:12 1 transporter


Message History

There is a stone staircase leading up here.
You shoot an arrow.
The arrow hits the centaur warrior but does no damage.
The centaur warrior shoots an arrow.
The arrow hits you!
The centaur warrior shoots an arrow.
The arrow closely misses you.
Casting: Iskenderun's Battlesphere (safe; 1% risk of failure)
Confirm with . or Enter, or press ? or * to list all spells.
Okay, then.
Casting: Iskenderun's Battlesphere (safe; 1% risk of failure)
Confirm with . or Enter, or press ? or * to list all spells.
The spell is quite dangerous to miscast (4% risk of failure)!
Continue anyway?
Aiming: Orb of Destruction (quite dangerous; 4% risk of failure)
Press: ? - help, Shift-Dir - straight line, f/p - centaur warrior
Aim: a centaur warrior, wielding a +0 shortbow The centaur warrior shoots an arrow.
The arrow barely misses you.
Fire: g) +1 shortbow (freeze)
Press: ? - help, Q - select action, (/) - cycle Shift-Dir - straight line, f - vault guard, p - centaur warrior
Aim: a vault guard, wielding a +1 bardiche of freezing and wearing a +0 chain mail (60% to hit)
You shoot an arrow.
The arrow hits the vault guard but does no damage.
The orb of destruction hits the centaur warrior!!!
The centaur warrior is almost dead.
The centaur warrior shoots an arrow.
The arrow hits you.
The centaur warrior shoots an arrow.
The arrow barely misses you.
Casting: Orb of Destruction (quite dangerous; 4% risk of failure)
Confirm with . or Enter, or press ? or * to list all spells.
Aiming: Stone Arrow (safe; 1% risk of failure)
Press: ? - help, Shift-Dir - straight line, f - centaur warrior, p - vault guard
Aim: a centaur warrior, wielding a +0 shortbow (almost dead, 84% to hit)
The stone arrow misses the centaur warrior.
The stone arrow hits the vault guard!!
The vault guard is moderately wounded.
The centaur warrior shoots an arrow.
The arrow barely misses you.
The yaktaur shoots a bolt.
The bolt hits you!!
* * * LOW HITPOINT WARNING * * *
The centaur warrior shoots an arrow.
The arrow hits you.
* * * LOW HITPOINT WARNING * * *
The vault guard completely misses you.
The yaktaur shoots a bolt.
The bolt hits you!
You die... #.......## #........## .........##.#...#.# #.........#.......# #.........+..C∩... #.........# Wp... #........# #.9T#. #[..@...# .ppH

#....°.## ##p##
#....p°## ##c..##
#......c####c....##
#......cp##.......#
..........p...........
###################....
####


You could see 3 vault guards, a centaur warrior and a yaktaur.

Vanquished Creatures
  Josephine (D:10)
  4 two-headed ogres
  A deep elf pyromancer (D:12)
  3 cyclopes
  An ugly thing (D:11)
  An unseen horror (D:11)
  A cane toad (shapeshifter) (D:9)
  A rime drake (D:9)
  2 komodo dragons (D:12)
  A kobold demonologist (D:10)
  2 polar bears (D:9)
  4 trolls
  Prince Ribbit (D:5)
  3 slime creatures (D:12)
  Sigmund (D:2)
  2 vampires (D:12)
  A shadow (D:11)
  A wyvern (D:10)
  20 yaks
  Eustachio (D:5)
  6 wraiths
  3 steam dragons
  An unseen horror simulacrum (D:9)
  4 vampire mosquitoes (D:12)
  Menkaure (D:4)
  2 water moccasins
  3 ice beasts (D:9)
  2 orc warriors
  A swamp drake (D:11)
  A black bear (D:6)
  A sky beast (D:7)
  2 wolves (D:9)
  4 ogres
  7 centaurs
  10 kobold brigands
  4 phantoms
  4 bullfrogs
  2 necrophages
  10 scorpions
  11 wights
  18 killer bees
  3 howler monkeys (D:9)
  An electric eel (D:9)
  5 centaur zombies (Ossuary)
  2 jellies
  7 orc priests
  2 gnoll boudas
  3 hounds
  A human zombie (Ossuary)
  4 scorpion zombies (Ossuary)
  An iguana (D:4)
  10 orc wizards
  2 centaur simulacra (D:9)
  3 mummies (Ossuary)
  Robin (D:2)
  13 gnolls
  12 adders
  4 shadow imps
  4 white imps
  2 ufetubi (D:9)
  3 worms
  4 dart slugs
  43 orcs
  11 ball pythons
  A bat zombie (D:5)
  8 endoplasms
  2 giant cockroaches
  14 goblins
  9 hobgoblins
  9 jackals
  5 quokkas
  10 bats
  2 frilled lizards
  2 gnoll zombies (Ossuary)
  3 goblin zombies (Ossuary)
  48 kobolds
  7 kobold skeletons (D:10)
  14 kobold zombies
  3 orc zombies (Ossuary)
  6 rats
  A rat zombie (D:5)
434 creatures vanquished.

Vanquished Creatures (others)
  3 plants (D:8)
3 creatures vanquished.

Grand Total: 437 creatures vanquished

Notes
Turn   | Place    | Note
-------+----------+-------------------------------------------
     0 | D:1      | Ijustatesigmund the Deep Elf Conjurer began the quest for
                  | the Orb.
     0 | D:1      | Reached XP level 1. HP: 10/10 MP: 6/6
   267 | D:1      | Reached XP level 2. HP: 15/15 MP: 5/8
   501 | D:1      | Learned a level 2 spell: Searing Ray
   522 | D:1      | Reached skill level 4 in Spellcasting
   817 | D:1      | Reached skill level 5 in Conjurations
   817 | D:1      | Reached XP level 3. HP: 19/19 MP: 6/10
  1654 | D:2      | Noticed Robin
  2009 | D:2      | Reached XP level 4. HP: 24/24 MP: 12/12
  2188 | D:2      | Noticed Sigmund
  2202 | D:2      | Killed Sigmund
  2203 | D:2      | Reached skill level 5 in Spellcasting
  2203 | D:2      | Reached XP level 5. HP: 27/28 MP: 4/15
  2466 | D:2      | Killed Robin
  2889 | D:3      | Reached XP level 6. HP: 32/32 MP: 10/16
  3423 | D:3      | Got Reowasem's Cyclopedia of Inflammable Trauma
  3456 | D:3      | Found a sacrificial altar of Ru.
  3574 | D:3      | Identified the +5 falchion of Analysis {protect, rElec rF+
                  | Str+2}
  3620 | D:3      | Reached skill level 6 in Spellcasting
  4227 | D:4      | Found a basalt altar of Yredelemnul.
  4297 | D:4      | Found a bloodstained altar of Trog.
  4338 | D:4      | HP: 1/32 [centaur (1)]
  4340 | D:4      | Reached XP level 7. HP: 2/37 MP: 10/19
  4355 | D:5      | Entered Level 5 of the Dungeon
  4568 | D:5      | Reached skill level 1 in Fighting
  4629 | D:5      | Reached skill level 7 in Spellcasting
  4950 | D:4      | Found a staircase to the Ecumenical Temple.
  4959 | Temple   | Entered the Ecumenical Temple
  4991 | Temple   | Became a worshipper of Vehumet
  5055 | D:4      | Found a runed translucent gate.
  5055 | D:4      | Found a runed translucent gate.
  5055 | D:4      | Found a runed translucent gate.
  5058 | D:4      | Noticed Regoshi's ghost (amateur BaHu)
  5123 | D:4      | Found a shadowy altar of Dithmenos.
  5549 | D:4      | Found a sparkling altar of Nemelex Xobeh.
  5549 | D:4      | Found an opulent altar of Gozag.
  6126 | D:4      | Reached * piety under Vehumet
  6126 | D:4      | Offered knowledge of Shock by Vehumet.
  6127 | D:4      | Reached XP level 8. HP: 45/45 MP: 18/21
  6333 | D:4      | Noticed Menkaure
  6338 | D:4      | Killed Menkaure
  6339 | D:4      | Reached skill level 8 in Spellcasting
  6834 | D:5      | Noticed Prince Ribbit
  6849 | D:5      | Killed Prince Ribbit
  7075 | D:5      | Noticed Eustachio
  7090 | D:5      | Killed Eustachio
  7126 | D:5      | Found an ancient bone altar of Kikubaaqudgha.
  7394 | D:5      | Reached skill level 9 in Spellcasting
  7702 | D:6      | Found a broken altar of Ashenzari.
  7742 | D:6      | Reached skill level 10 in Spellcasting
  7742 | D:6      | Reached XP level 9. HP: 49/49 MP: 17/25
  8291 | D:6      | Found a glowing silver altar of Zin.
  8369 | D:6      | Reached ** piety under Vehumet
  8430 | D:7      | Offered knowledge of Static Discharge by Vehumet.
  8431 | D:7      | Reached skill level 11 in Spellcasting
  8431 | D:7      | Reached skill level 10 in Conjurations
  8436 | D:7      | Learned a level 2 spell: Static Discharge
  8524 | D:7      | Learned a level 3 spell: Stone Arrow
  8694 | D:7      | Found Leolagg's Weapon Emporium.
  8984 | D:7      | Reached skill level 1 in Air Magic
  8984 | D:7      | Reached skill level 1 in Earth Magic
 10062 | D:8      | Found a sand-covered staircase.
 10073 | Ossuary  | Entered an ossuary
 10094 | Ossuary  | Offered knowledge of Frozen Ramparts by Vehumet.
 10169 | Ossuary  | Learned a level 3 spell: Frozen Ramparts
 10386 | Ossuary  | Reached skill level 12 in Spellcasting
 10480 | Ossuary  | Reached XP level 10. HP: 52/54 MP: 20/28
 10532 | Ossuary  | Reached *** piety under Vehumet
 10788 | Ossuary  | Reached skill level 5 in Ranged Weapons
 11129 | D:8      | Identified the ring of Day {rPois Will+ Int+2}
 11574 | D:8      | Offered knowledge of Sticky Flame by Vehumet.
 11580 | D:8      | Learned a level 4 spell: Sticky Flame
 11624 | D:8      | Reached skill level 1 in Fire Magic
 11743 | D:8      | Learned a level 1 spell: Apportation
 12224 | D:9      | Noticed a two-headed ogre
 12255 | D:9      | Killed a two-headed ogre
 12256 | D:9      | Reached skill level 5 in Fire Magic
 12297 | D:9      | Found an iron altar of Okawaru.
 12737 | D:9      | Identified the ring of Estiaces {rC+ Slay+3}
 12765 | D:9      | Reached **** piety under Vehumet
 12820 | D:9      | Found a staircase to the Lair.
 13066 | D:9      | Offered knowledge of Lee's Rapid Deconstruction by Vehumet.
 13430 | D:9      | Noticed a two-headed ogre
 13562 | D:9      | Reached skill level 5 in Dodging
 13574 | D:9      | Killed a two-headed ogre
 13575 | D:9      | Reached XP level 11. HP: 62/62 MP: 15/29
 13801 | D:9      | Learned a level 4 spell: Flame Wave
 13807 | D:9      | Learned a level 5 spell: Lee's Rapid Deconstruction
 13826 | D:10     | Entered Level 10 of the Dungeon
 14080 | D:10     | Noticed a two-headed ogre
 14085 | D:10     | Killed a two-headed ogre
 14086 | D:10     | Reached skill level 1 in Evocations
 15146 | D:10     | Reached skill level 13 in Spellcasting
 15268 | D:10     | Reached ***** piety under Vehumet
 15270 | D:10     | Offered knowledge of Orb of Destruction by Vehumet.
 15279 | D:10     | Learned a level 7 spell: Orb of Destruction
 15433 | D:10     | Noticed Josephine
 15446 | D:10     | Killed Josephine
 15867 | D:10     | Found an ancient bone altar of Kikubaaqudgha.
 16266 | D:11     | Found a white marble altar of Elyvilon.
 16281 | D:11     | Noticed a cyan ugly thing
 16284 | D:11     | Killed a cyan ugly thing
 16285 | D:11     | Reached XP level 12. HP: 67/67 MP: 29/31
 16319 | D:11     | Reached skill level 5 in Evocations
 16429 | D:11     | Noticed a two-headed ogre
 16434 | D:11     | Killed a two-headed ogre
 16689 | D:11     | Identified the +0 ring mail of the Gastropod {rC- Str+5
                  | Int+3 SInv}
 16753 | D:11     | Reached skill level 14 in Spellcasting
 16961 | D:11     | Found a staircase to the Orcish Mines.
 16999 | D:11     | Offered knowledge of Iskenderun's Battlesphere by Vehumet.
 17006 | D:11     | Learned a level 5 spell: Iskenderun's Battlesphere
 17461 | D:12     | Noticed a sphinx
 17682 | D:12     | Identified the ring of the Empire {rF- rN+ Dex+5}
 17720 | D:12     | Found a portal to a secret trove of treasure.
 17729 | D:12     | Upgraded the game from 0.30-a0-718-geaa24f58ff to
                  | 0.30-a0-719-gcc4359ea44
 17775 | D:12     | Found a shimmering blue altar of Sif Muna.
 17780 | D:12     | Found a transporter.
 17780 | D:12     | Noticed an ogre mage
 17869 | D:12     | Reached skill level 10 in Fire Magic
 18438 | D:13     | Found a gate to the Vaults.
 18438 | D:13     | Noticed a vault guard
 18438 | D:13     | Noticed a vault guard
 18438 | D:13     | Noticed a vault guard
 18438 | D:13     | Noticed a centaur warrior
 18438 | D:13     | Noticed a vault guard
 18454 | D:13     | HP: 1/65 [centaur warrior/arrow (5)]
 18454 | D:13     | Shot with a bolt by a yaktaur

Illustrated notes

Levels and vault maps discovered:
D:1:      tarquinn_simple_flora_water_f, layout_loops_ring,
          minmay_tree_intersection
D:2:      layout_rooms, uniq_sigmund, uniq_robin
D:3:      layout_basic, nicolae_ru_sacrificial_ziggurat,
          minmay_fractal_squares_diagonal_5
D:4:      layout_basic, nicolae_dithmenos_through_a_glass_darkly,
          grunt_temple_overflow_opulence, grunt_temple_overflow_open,
          minmay_temple_entry_butterflies, ebering_ghost_rock_garden,
          nicolae_zen_rock_garden, st_stairs_9, uniq_menkaure
D:5:      layout_basic, lemuel_zombie_altar_kikubaaqudgha, uniq_prince_ribbit1,
          uniq_eustachio
D:6:      layout_gridville, mainiacjoe_overflow_cross_hatched,
          general_overflow_altar, grunt_ministairs_8
D:7:      layout_loops_corners, serial_shops, nicolae_shop_statue_plus
D:8:      layout_cave_pools, nicolae_ossuary_entry_monument,
          serial_column_ruins, column_ruins_hut_pillars, column_ruins_hut,
          column_ruins_corridor_T, column_ruins_open_small,
          column_ruins_corridor_dead_end, column_ruins_open_small,
          column_ruins_grid_1, column_ruins_corridor_straight,
          introduction_to_nature_2
D:9:      layout_stronghold, okawaru_ov_weapons_minmay, hellmonk_lair_entry_icy,
          serial_ice, serial_ice_j, serial_ice_b, serial_ice_d, serial_ice_f,
          kennysheep_island_fort
D:10:     wander_kiku_kobolds, layout_loops_ring, uniq_josephine
D:11:     layout_gridville, erik_orc_1, elyvilon_altar_5
D:12:     gammafunk_sealed_library, layout_loops_cross,
          nicolae_trove_entry_columns, nzn_life_drinkers
D:13:     layout_long_grid, lightli_vaults_fourway_checkpoint,
          lightli_corner_chamber
Temple:   hellmonk_temple_two_chambers

Skill      XL: |  1  2  3  4  5  6  7  8  9 10 11 12 |
---------------+-------------------------------------+-----
Spellcasting   | 4 5 6 7 10 12 13 14 | 14.7
Conjurations   | 5 6 7 9 10 11 12 | 12.1
Ranged Weapons | 3 4 5 |  5.5
Fighting       | 2 4 |  4.6
Dodging        | 4 6 |  6.9
Air Magic      | 3 |  3.1
Earth Magic    | 3 |  3.4
Fire Magic     | 7 8 10 | 10.1
Evocations     | 4 5 |  5.5
Stealth        | |  2.4

Action                     |  1- 3 |  4- 6 |  7- 9 | 10-12 || total
---------------------------+-------+-------+-------+-------++-------
  Melee: Short sword       |    25 |       |       |       ||    25
   Fire: Sling             |     2 |    11 |     3 |       ||    16
         Shortbow          |       |       |   167 |   271 ||   438
   Cast: Magic Dart        |    71 |    70 |    96 |    65 ||   302
         Searing Ray       |     2 |    13 |    59 |    30 ||   104
         Stone Arrow       |       |       |    39 |   144 ||   183
         Sticky Flame      |       |       |       |    12 ||    12
         Apportation       |       |       |       |     2 ||     2
         Flame Wave        |       |       |       |    17 ||    17
         Orb of Destructio |       |       |       |    15 ||    15
         Iskenderun's Batt |       |       |       |     8 ||     8
         Frozen Ramparts   |       |       |       |     2 ||     2
  Evoke: Wand              |       |       |     3 |     3 ||     6
    Use: Scroll            |     4 |     1 |    11 |    13 ||    29
         Potion            |       |     3 |       |     3 ||     6
 Armour: Robe              |    10 |     9 |    60 |    79 ||   158
  Dodge: Dodged            |    33 |    16 |   136 |   190 ||   375
         Repelled          |       |       |       |     5 ||     5

Table legend: (Time is in decaauts)
 A = Elapsed time spent in this place.
 B = Non-inter-level travel time spent in this place.
 C = Inter-level travel time spent in this place.
 D = Time resting spent in this place.
 E = Time spent auto-exploring this place.
 F = Levels seen in this place.
 G = Mean time per level.
                   A        B        C        D        E       F      G
               +--------+--------+--------+--------+--------+-----+--------+
         Total |  18589 |  18252 |    337 |   6077 |   9551 |  15 | 1239.3 |
       Dungeon |  17509 |  17178 |    331 |   5622 |   9239 |  13 | 1346.8 |
        Temple |     38 |     32 |      6 |      0 |     10 |   1 |   38.0 |
       Ossuary |   1041 |   1041 |      0 |    455 |    302 |   1 | 1041.0 |
               +--------+--------+--------+--------+--------+-----+--------+

Top non-repeatable levels by time:
    D:10: 2229 daAuts
     D:4: 1761 daAuts
     D:1: 1699 daAuts
     D:9: 1636 daAuts
     D:2: 1464 daAuts
     D:5: 1446 daAuts
     D:8: 1426 daAuts
     D:7: 1382 daAuts
    D:12: 1245 daAuts
    D:11: 1160 daAuts
     D:3: 1064 daAuts
 Ossuary: 1041 daAuts
     D:6: 960 daAuts
  Temple: 38 daAuts
    D:13: 31 daAuts
